 Dungeon Crawl Stone Soup version 0.31.0-2-g5a2aebc5c2 (webtiles) character file.

Game seed: 10538826245285774440

5622 ssalbiz the Severer (level 10, -6/126 HPs)
             Began as a Minotaur Berserker on Jan 20, 2024.
             Was a Priest of Trog.
             Mangled by a death yak (19 damage)
             ... on level 9 of the Dungeon.
             The game lasted 00:14:04 (7494 turns).

ssalbiz the Severer (Minotaur Berserker)            Turns: 7494, Time: 00:14:05

Health: -6/126     AC: 15    Str: 25    XL:     10   Next: 45%
Magic:  9/9        EV: 13    Int:  4    God:    Trog [***...]
Gold:   350        SH:  0    Dex: 17    Spells: 9/9 levels left

rFire   . . .        E - +0 war axe
rCold   + . .        (no shield)
rNeg    . . .        j - +7 Kryia's mail coat {PotionHeal*2 rC+}
rPois   +            (helmet restricted)
rElec   .            (no cloak)
rCorr   .            H - +0 pair of gloves
SInv    .            (no boots)
Will    .....        (no amulet) Stlth
                     f - ring of poison resistance
HPRegen 0.41/turn    d - +6 ring of dexterity
MPRegen 0.11/turn

%: no passive effects
@: berserking (expiring), very quick
A: horns 2, retaliatory headbutt
a: Renounce Religion, Berserk, Trog's Hand


You were on level 9 of the Dungeon.
You worshipped Trog.
Trog was most pleased with you.
You visited 1 branch of the dungeon, and saw 9 of its levels.
You also visited: Sewer.

You collected 493 gold pieces.
You spent 143 gold pieces at shops.

Inventory:

Hand Weapons
 E - a +0 war axe (weapon)
Missiles
 A - 18 poisoned darts (quivered)
Armour
 j - the +7 Kryia's mail coat (worn) {PotionHeal*2 rC+}
   (You found it on level 2 of the Dungeon)

   PotionHeal*2: Potions heal its wearer twice as much.
   rC+:       It protects you from cold.
 s - the +1 pair of gloves "Rearithreme" {rF- rC+ rN+++ Int-3}
   (You found it on level 3 of the Dungeon)

   Int-3:     It affects your intelligence (-3).
   rF-:       It makes you vulnerable to fire.
   rC+:       It protects you from cold.
   rN+++:     It renders you almost immune to negative energy.
 H - a +0 pair of gloves (worn)
Jewellery
 d - a +6 ring of dexterity (right hand)
 f - a ring of poison resistance (left hand)
 o - a ring of positive energy
 u - a ring of protection from cold
Wands
 F - a wand of polymorph (5)
Scrolls
 a - a scroll of acquirement {unknown}
 e - 3 scrolls of enchant armour {unknown}
 h - 4 scrolls of blinking {unknown}
 i - 3 scrolls of immolation {unknown}
 l - a scroll of summoning {unknown}
 m - 3 scrolls of fog {unknown}
 v - 5 scrolls of teleportation
 x - a scroll of poison
 y - a scroll of noise {unknown}
 D - 2 scrolls of fear {unknown}
 I - a scroll of brand weapon {unknown}
Potions
 b - a potion of invisibility
 c - 3 potions of curing
 g - a potion of heal wounds
 n - a potion of enlightenment {unknown}
 p - 2 potions of might
 q - 2 potions of haste {unknown}
 r - 2 potions of degeneration {unknown}
 z - a potion of cancellation {unknown}
 B - 2 potions of mutation {unknown}
 C - 2 potions of lignification {unknown}
 G - a potion of berserk rage {unknown}


   Skills:
 + Level 6.8 Fighting
 - Level 16.0 Axes
 + Level 6.1 Armour
 + Level 5.6 Dodging


You had 9 spell levels left.
You didn't know any spells.
Your spell library was empty.

Dungeon Overview and Level Annotations

Branches:
Dungeon (9/15)             Temple (0/1) D:4            Lair (0/5) D:9
  Sewer (visited)
    Orc: D:9-12

Altars:
Okawaru
Trog
Vehumet

Shops:
D:3 ?   D:4 [


Innate Abilities, Weirdness & Mutations

You have a pair of horns on your head.
You reflexively headbutt those who attack you in melee.


Message History

Your Armour skill increases to level 6!
A yak comes into view.
The yak bellows!
The yak gores you but does no damage. The death yak gores you!!
You hit the death yak. You headbutt the death yak!
The death yak is lightly wounded.
You hit the death yak. You hit the yak but do no damage.
You slash the death yak!
The death yak is moderately wounded.
You hit the death yak but do no damage. You barely miss the yak.
The yak gores you but does no damage. The death yak gores you.
The death yak gores you but does no damage.
You hit the death yak. You headbutt the death yak.
The death yak is heavily wounded.
You hit the yak. You slash the death yak!
You hit the death yak but do no damage.
The death yak is heavily wounded.
You hit the yak. You barely miss the death yak. The yak gores you.
The death yak closely misses you. The death yak gores you!
* * * LOW HITPOINT WARNING * * *
You slash the death yak! You headbutt the death yak.
The death yak is severely wounded.
You hit the yak. You hit the death yak but do no damage. You hit the death yak.
The death yak is severely wounded.
You barely miss the yak. You barely miss the death yak.
The death yak gores you!!
* * * LOW HITPOINT WARNING * * *
The yak misses you.
The yak snorts and paws the ground.
The death yak gores you but does no damage.
You hit the death yak.
The death yak is severely wounded.
You slash the death yak!
You headbutt the death yak, but do no damage.
The death yak is almost dead.
You barely miss the death yak. You headbutt the death yak!
The death yak is almost dead.
The death yak gores you!!
You die...

...... ...... .....
#...##. ....... #.######
...$>.. #......##YY.....
##+# #.@YYY..# #...###
#.##Y...# ......## ####.#
....... ...♣..P# ##.##.#
......#
....P..####...#.###......
...♣♣..'.................
...♣♣..####...#.#######.#
......## ##.##.# .#
.....## ####.#


You could see 2 death yaks and 4 yaks.

Vanquished Creatures
  A death yak (D:9)
  Pikel (D:5)
  Joseph (D:8)
  Maggie (D:8)
  An ice devil (D:9)
  Prince Ribbit (D:8)
  A wyvern (D:7)
  Eustachio (D:4)
  2 steam dragons
  Menkaure (D:5)
  Edmund (D:4)
  2 water moccasins
  Duvessa (D:4)
  A black bear (D:6)
  3 centaurs (D:8)
  A sky beast (D:7)
  A crocodile (Sewer)
  A phantom (D:5)
  A kobold brigand (D:8)
  A lemure (D:5)
  A bullfrog (D:7)
  2 gnoll sergeants (D:8)
  A scorpion (D:7)
  2 water moccasin zombies (D:5)
  5 wights (D:8)
  Dowan (D:4)
  2 bombardier beetles
  A jelly (D:7)
  A bullfrog skeleton (D:5)
  7 orc priests
  A gnoll bouda (D:3)
  Ijyb (D:5)
  An iguana (D:5)
  A sleepcap (D:5)
  Natasha (thrice) (D:4)
  7 orc wizards
  A scorpion zombie (D:5)
  A killer bee zombie (D:5)
  A hound zombie (D:5)
  16 gnolls
  10 adders
  A shadow imp (D:7)
  2 white imps (D:7)
  3 ribbon worms
  27 orcs
  9 ball pythons
  8 endoplasms
  8 giant cockroaches
  4 goblins
  7 hobgoblins
  3 jackals (Sewer)
  14 kobolds
  7 quokkas
  6 bats
  2 frilled lizards
  8 rats
199 creatures vanquished.

Notes
Turn   | Place    | Note
-------+----------+-------------------------------------------
     0 | D:1      | ssalbiz the Minotaur Berserker began the quest for the Orb.
     0 | D:1      | Reached XP level 1. HP: 19/19 MP: 0/0
   170 | D:1      | Reached XP level 2. HP: 26/27 MP: 1/1
   372 | D:1      | Found a faded altar of an unknown god.
   420 | D:1      | Reached ** piety under Trog
   468 | D:1      | Reached skill level 4 in Axes
   479 | D:1      | Reached XP level 3. HP: 9/33 MP: 2/2
   819 | D:2      | Found the +7 Kryia's mail coat {PotionHeal*2 rC+}
  1005 | D:2      | Found an iron altar of Okawaru.
  1120 | D:2      | Reached XP level 4. HP: 40/40 MP: 3/3
  1816 | D:3      | Reached XP level 5. HP: 45/47 MP: 4/4
  1896 | D:3      | Identified the +1 pair of gloves "Rearithreme" {rF- rC+
                  | rN+++ Int-3}
  2098 | D:3      | Found Lankej's Magic Scroll Shoppe.
  2104 | D:3      | Bought a scroll of identify for 22 gold pieces
  2104 | D:3      | Bought a scroll of teleportation for 33 gold pieces
  2104 | D:3      | Bought a scroll of amnesia for 44 gold pieces
  2104 | D:3      | Bought a scroll of poison for 44 gold pieces
  2156 | D:3      | Reached skill level 5 in Axes
  2157 | D:3      | Reached skill level 5 in Fighting
  2431 | D:4      | Found a staircase to the Ecumenical Temple.
  2465 | D:4      | Reached XP level 6. HP: 56/56 MP: 5/5
  2476 | D:4      | Found Baxkelis's Armour Shoppe.
  2489 | D:4      | Noticed Natasha
  2502 | D:3      | Reached *** piety under Trog
  2630 | D:4      | Killed Natasha
  2667 | D:4      | Noticed Duvessa
  2668 | D:4      | Noticed Dowan
  2683 | D:4      | Killed Duvessa
  2695 | D:4      | Killed Dowan
  2696 | D:4      | Reached skill level 5 in Armour
  2696 | D:4      | Reached XP level 7. HP: 38/62 MP: 6/6
  2712 | D:4      | Noticed Natasha
  2719 | D:4      | Killed Natasha
  2729 | D:4      | Noticed Eustachio
  2756 | D:4      | Killed Eustachio
  2757 | D:4      | Reached skill level 6 in Axes
  2936 | D:4      | Noticed Edmund
  2954 | D:4      | Killed Edmund
  2955 | D:4      | Reached skill level 7 in Axes
  2977 | D:4      | Noticed Natasha
  2981 | D:4      | Killed Natasha
  2984 | D:4      | Found a glowing drain.
  3000 | Sewer    | Entered a sewer
  3502 | D:5      | Entered Level 5 of the Dungeon
  3513 | D:5      | Reached skill level 8 in Axes
  3513 | D:5      | Reached XP level 8. HP: 63/70 MP: 7/7
  3658 | D:5      | Reached skill level 9 in Axes
  3755 | D:5      | Noticed Ijyb
  3802 | D:5      | Killed Ijyb
  3849 | D:5      | Reached **** piety under Trog
  3853 | D:5      | Reached skill level 10 in Axes
  3857 | D:5      | Noticed Menkaure
  3865 | D:5      | Killed Menkaure
  3993 | D:5      | Noticed Pikel
  4009 | D:5      | Killed Pikel
  4010 | D:5      | Reached skill level 12 in Axes
  4010 | D:5      | Reached XP level 9. HP: 58/75 MP: 8/8
  4431 | D:6      | Found a radiant altar of Vehumet.
  4747 | D:6      | Found the +6 arbalest "Damnation" {damnation}
  5434 | D:7      | Reached skill level 13 in Axes
  5891 | D:7      | Found a bloodstained altar of Trog.
  6124 | D:8      | Noticed Prince Ribbit
  6138 | D:8      | Reached skill level 14 in Axes
  6143 | D:8      | Killed Prince Ribbit
  6325 | D:8      | Noticed Joseph
  6325 | D:8      | Noticed Maggie
  6509 | D:8      | Reached skill level 15 in Axes
  6817 | D:8      | Killed Joseph
  6818 | D:8      | Reached XP level 10. HP: 56/83 MP: 9/9
  7316 | D:8      | Killed Maggie
  7317 | D:8      | Reached skill level 16 in Axes
  7435 | D:9      | Reached skill level 5 in Dodging
  7473 | D:9      | Found a staircase to the Lair.
  7474 | D:9      | Noticed a death yak
  7475 | D:9      | Noticed a death yak
  7475 | D:9      | Noticed a death yak
  7483 | D:9      | Killed a death yak
  7494 | D:9      | Mangled by a death yak

Illustrated notes

Levels and vault maps discovered:
D:1:      kilobyte_arrival_exit_the_forest, layout_rooms,
          shapermc_ecumenical_altar_mp_highgroup, minmay_distorted
D:2:      layout_loops_ring, basic_altar
D:3:      cheibrodos_pilgrimage, layout_loops_corners, serial_shops, shop
D:4:      layout_basic, minmay_temple_entry_mini_moons, portal_sewer_entry_a,
          serial_shops, kennysheep_little_box, uniq_duvessa, uniq_eustachio,
          uniq_edmund, uniq_natasha
D:5:      layout_loops_cross, serial_undead, serial_undead_a, serial_undead_e,
          serial_undead_a, serial_undead_e, uniq_pikel, uniq_menkaure, uniq_ijyb
D:6:      layout_basic, mainiacjoe_overflow_alcove_4
D:7:      layout_loops_ring, lightli_temple_of_fire, minmay_increasing_density
D:8:      layout_cave_pools, uniq_maggie, uniq_joseph, uniq_prince_ribbit1
D:9:      layout_loops_corners, overflow_temple_1_default, dpeg_lair_monsters,
          david_orc_3, serial_demonic, serial_demonic_g, serial_demonic_c,
          serial_demonic_c, serial_demonic_c, serial_demonic_g,
          serial_demonic_e, serial_demonic_c, serial_demonic_d

Skill      XL: |  1  2  3  4  5  6  7  8  9 10 |
---------------+-------------------------------+-----
Axes           | 4 5 8 12 15 16 | 16.0
Fighting       | 4 5 6 |  6.8
Armour         | 3 4 5 6 |  6.1
Dodging        | 3 4 5 |  5.6

Action                     |  1- 3 |  4- 6 |  7- 9 | 10-12 || total
---------------------------+-------+-------+-------+-------++-------
  Melee: Hand axe          |    73 |   121 |    82 |       ||   276
         Headbutt          |     5 |    30 |    55 |    12 ||   102
         Punch             |       |     2 |     3 |       ||     5
         War axe           |       |       |   196 |    55 ||   251
  Throw: Dart              |       |       |     4 |     1 ||     5
 Invoke: Berserk           |     2 |     3 |     3 |     2 ||    10
         Trog's Hand       |       |       |     1 |       ||     1
         Brothers in Arms  |       |       |       |     1 ||     1
    Use: Scroll            |       |       |     4 |     1 ||     5
 Armour: Animal skin       |    26 |       |       |       ||    26
         Scale mail        |    16 |   104 |   188 |    36 ||   344
  Dodge: Dodged            |    55 |    87 |   193 |    14 ||   349
